 Dungeon Crawl Stone Soup version 0.16-b1 (console) character file.

60 siepu the Cudgeler (level 3, 0/27 HPs)
             Began as a Demonspawn Wanderer on Mar 13, 2015.
             Slain by an adder (4 damage)
             ... on level 4 of the Dungeon.
             The game lasted 00:04:25 (2227 turns).

siepu the Cudgeler (Demonspawn Wanderer)            Turns: 2227, Time: 00:04:25

Health: 0/27       AC:  2    Str: 13    XL:     3   Next: 80%
Magic:  4/4        EV: 11    Int: 13    God:
Gold:   146        SH:  0    Dex: 12    Spells: 0 memorised, 2 levels left

rFire  . . .     SeeInvis .     c - +0 mace
rCold  . . .     Clarity  .     d - +0 robe
rNeg   . . .     SustAb   .     (no shield)
rPois  .         Gourm    .     (no helmet)
rElec  .         Spirit   .     (no cloak)
rCorr  .         Warding  .     (no gloves)
rMut   .         Stasis   .     (no boots)
MR     .....                    (no amulet)
Stlth  +.........               (no ring)
                                (no ring)

@: not resistant to hostile enchantments, very unstealthy
A: claws 1, spiny 1
a: no special abilities


You were on level 4 of the Dungeon.
You were not hungry.

You visited 1 branch of the dungeon, and saw 3 of its levels.

You collected 146 gold pieces.

Inventory:

Hand weapons
 c - a +0 mace (weapon)
Missiles
 e - 23 stones (quivered)
Armour
 d - a +0 robe (worn)
Scrolls
 g - 3 scrolls of remove curse
 h - 3 scrolls of identify
 k - a scroll of enchant weapon
 o - a scroll of recharging {unknown}
 q - a scroll of noise {unknown}
Potions
 i - 2 potions of curing
 j - a potion of agility {unknown}
 n - a potion of restore abilities {unknown}
Books
 a - a book of Maledictions

   Spells                             Type                      Level
   a - Corona                         Hexes                        1
   b - Sure Blade                     Hexes/Charms                 2
   c - Ensorcelled Hibernation        Hexes/Ice                    2
   d - Confuse                        Hexes                        3
   e - Dazzling Spray                 Conjuration/Hexes            3
   f - Enslavement                    Hexes                        4
 b - the Almanac of Calling

   Spells                             Type                      Level
   a - Summon Small Mammal            Summoning                    1
   b - Abjuration                     Summoning                    3
Comestibles
 f - 2 bread rations
 l - a slice of pizza
 p - 4 fruits


   Skills:
 - Level 2.0 Fighting
 + Level 4.0 Maces & Flails
 - Level 1.0 Dodging
 + Level 0.6 Stealth
   Level 3.0 Hexes
   Level 2.0 Evocations


You had 2 spell levels left.
You didn't know any spells.

Dungeon Overview and Level Annotations

Branches:
Dungeon (4/15)
 Temple: D:4-7

Altars:

Annotations:
D:4 timbw's ghost, average VSSk


Innate Abilities, Weirdness & Mutations

You have sharp fingernails.
You are partially covered in sharp spines.


Message History

An orc comes into view. It is wielding a dagger.
An orc comes into view.
The orc shouts!
You see here a scroll of identify.
The orc hits you but does no damage. The orc barely misses you.
The orc hits you.
Timbw's ghost says very slowly, "There's no hope."
The orc hits you. The orc barely misses you.
Timbw's ghost shrieks, "Very impressive.
But it won't help.
Nothing will."
An orc comes into view. It is wielding a dagger.
An orc comes into view. It is wielding a mace.
The orc shouts! x2
The orc throws a steel tomahawk.
The steel tomahawk hits you.
You see here a steel tomahawk.
The orc hits you with a mace.
* * * LOW HITPOINT WARNING * * *
The adder closely misses you. The adder barely misses you. The adder bites you.
You die...

##......#≈≈≈≈≈≈≈#
##....##≈≈≈≈≈≈≈##
.....#≈≈≈≈≈≈≈≈≈#
......#≈≈.≈≈..≈≈#
"......#.≈.≈.≈≈..#
#.......##.......##.
#####....#.......#...
#....##.....##....
#...@.##?..##......
##...So.#...#........
#.....o.#Wo.#...W....
#......o#...#........
#.....($..........#
#.................#
...................!...
.....o..####......)..
......## ##........


You could see an adder and 4 orcs.

Vanquished Creatures
  An adder (D:2)
  2 worms (D:2)
  A giant gecko (D:2)
  An ooze (D:1)
  5 bats
  4 giant cockroaches
  4 goblins
  2 hobgoblins (D:1)
  A ball python (D:2)
  2 giant newts
  6 kobolds
  A quokka (D:4)
  12 rats (D:1)
42 creatures vanquished.

Notes
Turn   | Place    | Note
--------------------------------------------------------------
     0 | D:1      | siepu, the Demonspawn Wanderer, began the quest for the Orb.
     0 | D:1      | siepu set off with: a book of Maledictions, the Almanac of Calling, a +0 mace, a +0 robe, a bread ration
     0 | D:1      | Reached XP level 1. HP: 16/16 MP: 1/1
     0 | D:1      | Identified the Almanac of Calling
   259 | D:1      | Gained mutation: You are partially covered in sharp spines. [demonic ancestry]
   259 | D:1      | Reached XP level 2. HP: 17/22 MP: 2/2
  1156 | D:2      | Gained mutation: You have sharp fingernails. [demonic ancestry]
  1156 | D:2      | Reached XP level 3. HP: 22/27 MP: 4/4
  1427 | D:2      | Reached skill level 1 in Dodging
  2134 | D:2      | Reached skill level 4 in Maces & Flails
  2181 | D:2      | You fall through a shaft for 2 floors!
  2205 | D:4      | Noticed timbw's ghost (average VSSk)
  2227 | D:4      | Slain by an adder

Action                   || total
-------------------------++-------
Melee: Mace              ||   124
Throw: Stone             ||     1
  Use: Scroll            ||     3
       Potion            ||     1
 Stab: Sleeping          ||     2
  Eat: Chunk             ||     4
